 Dungeon Crawl Stone Soup version 0.28-a0-706-gf6f64a616a (webtiles) character file.

Game seed: 2732998261011963098

84 KoroneIsBestGirl the Chiller (level 4, -5/30 HPs)
             Began as a Barachi Ice Elementalist on Oct 24, 2021.
             Killed from afar by an orc wizard (6 damage)
             ... with a magic dart
             ... on level 2 of the Dungeon.
             The game lasted 00:04:33 (3193 turns).

KoroneIsBestGirl the Chiller (BaIE)                 Turns: 3193, Time: 00:04:34

Health: -5/30      AC: 11    Str:  7    XL:     4   Next: 46%
Magic:  8/8        EV: -1    Int: 17    God:
Gold:   78         SH:  5    Dex: 10    Spells: 8/9 levels left

rFire   . . .      SeeInvis .   d - +3 dagger
rCold   . . .      Faith    .   (no shield)
rNeg    . . .      Spirit   .   e - +0 plate armour
rPois   .          Reflect  +   f - +0 helmet
rElec   +          Harm     .   (no cloak)
rCorr   .          Rampage  .   (no gloves)
Will    .....                   (no boots)
Stlth   ..........              h - amulet of reflection
HPRegen 0.10/turn               (no ring)
MPRegen 0.11/turn               (no ring)

@: slow
A: amphibious, slowness 1, strong legs 1, +LOS, clumsy 1, electricity
resistance, weak 1, evolution 1
a: Hop


You were on level 2 of the Dungeon.
You visited 1 branch of the dungeon, and saw 3 of its levels.

You collected 78 gold pieces.

Inventory:

Hand Weapons
 d - a +3 dagger (weapon)
Armour
 a - a +0 robe
 e - a +0 plate armour (worn)
 f - a +0 helmet (worn)
Magical Staves
 j - a staff of conjuration
Jewellery
 h - an amulet of reflection (around neck)
Scrolls
 i - a scroll of identify {unknown}
 l - a scroll of noise {unknown}
Potions
 k - a potion of lignification


   Skills:
 + Level 1.6 Armour
 + Level 3.2 Dodging
 - Level 1.7 Stealth
 + Level 3.0 Spellcasting
 + Level 5.5 Ice Magic


You had 8 spell levels left.
You knew the following spells:

 Your Spells              Type           Power      Damage    Failure   Level
a - Freeze                Ice            84%        1d10      100%        1

Your spell library contained the following spells:

 Spells                   Type           Power      Damage    Failure   Level
 Frozen Ramparts          Ice            42%        1d6       100%        3
 Gell's Gravitas          Tloc           1%         N/A       100%        3
 Ozocubu's Armour         Ice            21%        N/A       100%        3
 Teleport Other           Tloc           2%         N/A       100%        3
 Hailstorm                Conj/Ice       12%        3d5       100%        4
 Dispersal                Tloc           1%         N/A       100%        6


Dungeon Overview and Level Annotations

Branches:
Dungeon (3/15)

Altars:


Innate Abilities, Weirdness & Mutations

You are amphibious.
You cover ground slowly.
You can hop short distances.
You have an extended range of vision and can be seen from far away.
You are clumsy. (Dex -2)
You are resistant to electric shocks. (rElec)
You are weak. (Str -2)
You have hidden genetic potential.


Message History

You are confused.
You're too confused to move!
Something hits you.
You hit the fungus.
The fungus begins to die.
The fungus is lightly damaged.
Something hits you.
You closely miss something. Something hits you but does no damage.
You completely miss something. Something hits you but does no damage.
You miss something.
A nearby fungus withers and dies.
Something hits you.
You bump into the rock wall.
You feel less confused. You block something's attack.
You barely miss something. Something hits you but does no damage.
You miss something.
You hear a splashing noise.
You barely miss something.
You hear some strange, mumbled words.
A puff of flame appears from out of thin air!
The puff of flame hits you.
* * * LOW HITPOINT WARNING * * *
Your plate armour prevents you from hitting something.
An orc wizard appears from thin air!
Reactivating autopickup.
The orc wizard hits you with a +0 dagger.
* * * LOW HITPOINT WARNING * * *
You hit the orc wizard.
The orc wizard is almost dead.
The orc wizard points at you and mumbles some strange words.
You are confused.
Your plate armour prevents you from hitting the orc wizard.
The orc wizard is almost dead.
The orc wizard hits you but does no damage.
You bump into the rock wall.
The orc wizard points at you and mumbles some strange words.
The puff of flame hits you.
* * * LOW HITPOINT WARNING * * *
You bump into the rock wall.
You feel less confused.
The orc wizard gestures at you while chanting.
The magic dart hits you.
You die...

......##........#.#
......##........#.##
......##...........#
..)...###..≈≈≈⌠≈≈≈.########
...........P.....≈........#
...........⌠.###.≈....)####
.............#_#.⌠..####
...........⌠.#.#o⌠..#
...........≈.#.#@⌠..#
♣♣♣♣♣......≈....P≈.##
♣P♣♣♣.####.⌠≈⌠P≈.≈.#
......# #.........# ♣♣♣.♣.#
#####.######### ♣♣♣♣♣.#
#####.........# ......#
#...#.#######.# ......#
♣.♣...# #.# ......#
♣♣.P♣#.# #.#


You could see an orc wizard.

Vanquished Creatures
  A hound (D:2)
  2 worms (D:2)
  A dart slug (D:2)
  2 orcs (D:3)
  3 bats (D:2)
  6 endoplasms
  4 giant cockroaches
  A hobgoblin (D:2)
  5 ball pythons
  A frilled lizard (D:2)
  7 goblins
  4 kobolds
  6 rats
43 creatures vanquished.

Vanquished Creatures (others)
  A fungus (D:2)
  2 plants (D:2)
3 creatures vanquished.

Grand Total: 46 creatures vanquished

Notes
Turn   | Place    | Note
-------+----------+-------------------------------------------
     0 | D:1      | KoroneIsBestGirl the Barachi Ice Elementalist began the
                  | quest for the Orb.
     0 | D:1      | Reached XP level 1. HP: 13/13 MP: 3/3
   283 | D:1      | Reached skill level 5 in Ice Magic
   343 | D:1      | Reached XP level 2. HP: 12/19 MP: 1/5
  1181 | D:2      | Reached skill level 1 in Armour
  1181 | D:2      | Reached XP level 3. HP: 22/24 MP: 7/7
  1404 | D:2      | Reached XP level 4. HP: 30/30 MP: 8/8
  1576 | D:2      | Found a faded altar of an unknown god.
  3127 | D:2      | Gained mutation: You are weak. (Str -2) [potion of
                  | mutation]
  3127 | D:2      | Gained mutation: You have hidden genetic potential. [potion
                  | of mutation]
  3127 | D:2      | Gained mutation: You are clumsy. (Dex -2) [potion of
                  | mutation]
  3127 | D:2      | Gained mutation: You are resistant to electric shocks.
                  | (rElec) [potion of mutation]
  3191 | D:2      | HP: 1/30 [orc wizard/puff of flame (5)]
  3193 | D:2      | Killed from afar by an orc wizard

Illustrated notes

Levels and vault maps discovered:
D:1:      dpeg_arrival_simpleton_b, layout_basic, hangedman_decor_push
D:2:      layout_basic, shapermc_ecumenical_altar_acropolis, serial_forest,
          infiniplex_forest_clump_curved, infiniplex_forest_lined_room_3,
          infiniplex_forest_zigzag_1, infiniplex_forest_end_1,
          infiniplex_forest_lined_ring, infiniplex_forest_end_3,
          infiniplex_forest_straight_4, infiniplex_forest_end_3,
          infiniplex_forest_straight_5
D:3:      layout_rooms, uniq_natasha, uniq_jessica

Skill      XL: |  1  2  3  4 |
---------------+-------------+-----
Ice Magic      | 5 |  5.5
Armour         | 1 |  1.6
Dodging        | 3 |  3.2
Spellcasting   | 3 |  3.0
Stealth        | |  1.7

Action                   |  1- 3 |  4- 6 || total
-------------------------+-------+-------++-------
Melee: Unarmed           |     2 |       ||     2
       Dagger            |    64 |   250 ||   314
 Cast: Freeze            |    14 |       ||    14
 Abil: Hop               |       |     2 ||     2
  Use: Potion            |       |     7 ||     7
Armor: Robe              |     4 |       ||     4
       Plate armour      |    49 |    95 ||   144
       Skin              |       |    32 ||    32
Dodge: Dodged            |    10 |     5 ||    15
Block: Other             |    10 |    27 ||    37
       Reflection        |       |     1 ||     1

Table legend: (Time is in decaauts)
 A = Elapsed time spent in this place.
 B = Non-inter-level travel time spent in this place.
 C = Inter-level travel time spent in this place.
 D = Time resting spent in this place.
 E = Time spent auto-exploring this place.
 F = Levels seen in this place.
 G = Mean time per level.
                   A        B        C        D        E       F      G
               +--------+--------+--------+--------+--------+-----+--------+
         Total |   3494 |   3372 |    122 |      0 |   2704 |   3 | 1164.7 |
       Dungeon |   3494 |   3372 |    122 |      0 |   2704 |   3 | 1164.7 |
               +--------+--------+--------+--------+--------+-----+--------+

Top non-repeatable levels by time:
     D:2: 2028 daAuts
     D:1: 1231 daAuts
     D:3: 234 daAuts
